 Dungeon Crawl Stone Soup version 0.25-a0-50-gf0389da217 (console) character file.

Game seed: 206933445709771734, levelgen mode: deterministic

16 uakci the Bolt Thrower (level 2, 0/17 HPs)
             Began as a Kobold Hunter on Oct 24, 2019.
             Slain by an adder (3 damage)
             ... on level 2 of the Dungeon.
             The game lasted 00:13:52 (1030 turns).

uakci the Bolt Thrower (Kobold Hunter)              Turns: 1030, Time: 00:13:53

Health: 0/17       AC:  3    Str:  9    XL:     2   Next: 70%
Magic:  11/11      EV: 15    Int: 12    God:
Gold:   29         SH:  0    Dex: 15    Spells: 1/1 levels left

rFire    . . .     SeeInvis .   i - +0 dagger
rCold    . . .     Gourm    .   (shield restricted)
rNeg     . . .     Faith    .   c - +0 leather armour
rPois    .         Spirit   .   (no helmet)
rElec    .         Reflect  .   (no cloak)
rCorr    .         Harm     .   (no gloves)
MR       .....                  (no boots)
Stlth    ++........             (no amulet)
HPRegen  0.05/turn              h - ring of magical power
MPRegen  0.12/turn              (no ring)

@: no status effects
A: small, carnivore
a: no special abilities


You were on level 2 of the Dungeon.
You were not hungry.

You visited 1 branch of the dungeon, and saw 2 of its levels.

You collected 29 gold pieces.

Inventory:

Hand Weapons
 a - a +1 hand crossbow
 b - a +0 short sword
 e - a +0 club
 i - a +0 dagger (weapon)
 j - a +0 club
 k - a +4 hunting sling
 l - a cursed -2 hand axe
 o - a +0 dagger
 p - a +0 club
Missiles
 d - 26 bolts
 g - 8 stones (quivered)
 n - 33 sling bullets
Armour
 c - a +0 leather armour (worn)
Jewellery
 h - a ring of magical power (left hand)
Scrolls
 m - a scroll of remove curse {unknown}
Comestibles
 f - 2 rations


   Skills:
 + Level 2.3 Fighting
 + Level 5.3 Crossbows
 + Level 0.3 Armour
 + Level 2.6 Dodging
 + Level 1.3 Stealth


You had one spell level left.
You didn't know any spells.
Your spell library was empty.

Dungeon Overview and Level Annotations

Branches:
Dungeon (2/15)

Altars:
Nemelex Xobeh


Innate Abilities, Weirdness & Mutations

You are small and have problems with some larger weapons.
You are carnivorous and can eat meat at any time.


Message History

Okay, then.
i - a +0 dagger (weapon)
You miss the frilled lizard. The frilled lizard closely misses you.
A jackal comes into view.
You closely miss the frilled lizard.
The frilled lizard bites you but does no damage.
The adder closely misses you.
You hit the frilled lizard.
You kill the frilled lizard!
The adder bites you but does no damage.
You hit the goblin.
The goblin is heavily wounded.
The adder closely misses you. The goblin completely misses you.
The adder closely misses you.
You miss the goblin.
The goblin is heavily wounded.
The goblin closely misses you. The worm bites you.
* * * LOW HITPOINT WARNING * * *
The adder bites you.
You die...

#.. ♣ .....
###..♣_♣....#
#....(♣.[...#
#......(.....
#....(.......
#............
#....h.......
########wS......
#<# #@g......
#.# #........
#.# ##........
#.# #....###+#
#.# #.##.#
#.#####.# .#
#.......# ..
######### ###


You could see a worm, an adder, a jackal and a goblin.

Vanquished Creatures
  A ball python (D:1)
  3 bats (D:1)
  A goblin (D:1)
  2 hobgoblins (D:1)
  2 frilled lizards
  5 kobolds
  2 rats (D:1)
16 creatures vanquished.

Notes
Turn   | Place    | Note
-------+----------+-------------------------------------------
     0 | D:1      | uakci the Kobold Hunter began the quest for the Orb.
     0 | D:1      | Reached XP level 1. HP: 12/12 MP: 1/1
   124 | D:1      | Reached skill level 5 in Crossbows
   172 | D:1      | Reached XP level 2. HP: 6/17 MP: 2/2
   591 | D:1      | Found a sparkling altar of Nemelex Xobeh.
  1014 | D:2      | Found a faded altar of an unknown god.
  1030 | D:2      | Slain by an adder

Levels and vault maps discovered:
D:1:      lightli_molten_gateway, layout_basic, nemelex_altar_shiori
D:2:      layout_basic, xom_teletrap_fun, chequers_ecumenical_altar_simple

Skill      XL: |  1 |
---------------+----+-----
Crossbows      | 5 |  5.3
Fighting       | |  2.3
Armour         | |  0.3
Dodging        | |  2.6
Stealth        | |  1.3

Action                   || total
-------------------------++-------
Melee: Short sword       ||    15
       Dagger            ||     8
 Fire: Hand crossbow     ||    21
Armor: Leather armour    ||     8
Dodge: Dodged            ||    37

Table legend:
 A = Non-vault XP
 B = Vault XP
 C = Vault XP percentage of total XP
 D = Non-vault monster count
 E = Vault monster count
 F = Vault count percentage of total count
                 A         B        C        D         E       F
            +---------+---------+-------+---------+---------+-------
      Total |      23 |       0 |   0.0 |      16 |       0 |   0.0
            +---------+---------+-------+---------+---------+-------
        D:1 |      21 |       0 |   0.0 |      14 |       0 |   0.0
        D:2 |       2 |       0 |   0.0 |       2 |       0 |   0.0
            +---------+---------+-------+---------+---------+-------
